AoeStats
← tahasnmz

Marketplace

506718294Analyzed
1v1 RM · 18d ago on Sep 14, 2026· 44m 30s· 2 players
Game mode
Random Map
Map size
Tiny (2 player)
Population
200
Speed
Normal
Resources
Standard
Victory
Conquest
Starting age
Dark Age
Ending age
Imperial Age
RankedLock teamsTeams togetherTeam positionsShared explorationLock speedFull tech treeHidden civsTurbo modeCheats
Victory
Defeat
🇺🇸 Khmer · United States
1044
+16
🇹🇷 Persians · Türkiye
1040
-16
tahasnmz
7:11 Loom
9:26 Feudal Age
10:14 Double-Bit Axe
16:56 Wheelbarrow
20:25 Castle Age
18:41 Fletching
20:45 Padded Archer Armor
21:10 Bow Saw
21:40 Horse Collar
23:11 Bodkin Arrow
27:02 Gold Mining
27:02 Stone Mining
27:27 Town Watch
33:08 Heavy Plow
34:38 Hand Cart
38:17 Imperial Age
37:27 Parthian Tactics
37:30 Ballistics
37:38 Thumb Ring
37:55 Caravan
38:15 Town Patrol
39:01 Leather Archer Armor
39:51 Chemistry
39:25 Conscription
40:00 Stone Shaft Mining
40:01 Gold Shaft Mining
39:21 Capped Ram
41:49 Heavy Cavalry Archer
43:33 Bloodlines
43:24 Husbandry
44:06 Ring Archer Armor
the farmer
10:56 Feudal Age
9:14 Loom
11:01 Feudal Age
14:20 Castle Age
12:53 Horse Collar
22:18 Double-Bit Axe
23:48 Bloodlines
26:50 Town Watch
27:32 Bow Saw
28:02 Heavy Plow
29:34 Husbandry
31:04 Gold Mining
31:06 Stone Mining
32:29 Wheelbarrow
33:24 Scale Barding Armor
33:56 Ballistics
35:02 Fortified Wall
35:14 Chain Barding Armor
35:53 Caravan
40:23 Imperial Age
38:17 Masonry
38:11 Fletching
41:37 Conscription
41:17 Double Crossbow
41:27 Siege Engineers
42:23 Chemistry
42:39 Plate Barding Armor
41:55 Light Cavalry
43:43 Forging
45:10 Hoardings
43:57 Elite Ballista Elephant
Connection lost

Rejoining the realm…

Still unreachable

The connection could not be restored.

Session expired

The server has moved on; the page needs a fresh start.